Map: [TLMC19] Crimson Court

Players

Spirit (souL) - Winner!

  • Race: Terran Terran
  • League: Master
  • Spawn Location: 1:00

ShoWTimE

  • Race: Protoss Protoss
  • League: Master
  • Spawn Location: 7:00

VOD

Have the link to the VOD?

Description

Time

  • Played on: Dec. 21, 2023, 10:21 a.m.
  • Length: 5:40
Show
View Real Time Build Order
Export as new Build Order

Spirit Terran - Winner!

Build Orders: Cyclone Opening 

Get SALT Encoding   

  12  0:00  SCV  
  13  0:12  SCV  
  14  0:17  Supply Depot  
  14  0:24  SCV  
  15  0:38  SCV  
  15  0:40  Barracks  
  16  0:44  Refinery  
  16  0:51  SCV  
  17  1:03  SCV  
  18  1:15  SCV  
  19  1:27  Marine  
  19  1:28  Orbital Command  
  20  1:46  Command Center  
  20  1:54  SCV, Factory  
  21  2:04  Supply Depot  
  21  2:05  Barracks Reactor  
  22  2:08  SCV  
  22  2:13  Refinery  
  22  2:20  SCV  
  23  2:32  SCV  
  24  2:38  Cyclone  
  24  2:42  Marine x2  
  28  2:44  SCV  
  28  2:49  Starport  
  29  2:57  SCV  
  29  2:58  Orbital Command  
  30  3:01  Marine  
  30  3:04  Marine  
  32  3:09  SCV  
  32  3:10  Factory Tech Lab  
  33  3:21  SCV  
  33  3:25  SCV  
  33  3:27  Supply Depot  
  35  3:28  Marine x2  
  35  3:33  SCV  
  35  3:34  Cloaking Field  
  38  3:35  Banshee  
  38  3:38  SCV, Factory Tech Lab  
  42  3:45  SCV  
  43  3:49  Supply Depot  
  43  3:50  SCV  
  44  3:57  SCV, Siege Tank  
  44  4:00  Bunker  
  44  4:02  SCV  
  49  4:04  Marine x2  
  49  4:06  Supply Depot  
  49  4:09  SCV  
  52  4:15  SCV  
  53  4:18  Banshee  
  53  4:21  SCV  
  53  4:22  Marine x2  
  59  4:25  Barracks  
  59  4:27  SCV  
  59  4:30  Barracks  
  60  4:35  Refinery  
  60  4:39  Siege Tank  
  60  4:40  SCV, Marine  
  60  4:45  SCV  
  66  4:46  Supply Depot  
  66  4:52  SCV  
  67  4:56  Marine  
  67  4:57  SCV  
  69  5:01  Marine  
  70  5:07  SCV  
  70  5:09  SCV  
  70  5:13  Marine  
  73  5:15  Marine  
  73  5:19  SCV, Marine  
  73  5:21  SCV  
  73  5:22  Marine  
Show
View Real Time Build Order
Export as new Build Order

ShoWTimE Protoss 

Build Orders: 1 Gate Expand, Blink Stalkers 

Get SALT Encoding   

  12  0:00  Probe  
  13  0:12  Probe  
  14  0:17  Pylon  
  14  0:24  Probe  
  15  0:36  Gateway, Probe (Chrono Boost)  
  16  0:46  Probe (Chrono Boost)  
  16  0:47  Assimilator  
  17  0:51  Probe (Chrono Boost)  
  18  1:03  Probe  
  19  1:15  Probe  
  20  1:21  Nexus  
  20  1:31  Cybernetics Core  
  20  1:34  Probe  
  20  1:39  Assimilator  
  21  1:46  Probe  
  22  1:50  Pylon  
  22  1:58  Probe  
  23  2:05  Adept (Chrono Boost)  
  23  2:07  Warp Gate  
  25  2:10  Probe  
  26  2:17  Twilight Council  
  26  2:23  Probe  
  26  2:26  Stalker (Chrono Boost)  
  29  2:34  Probe  
  29  2:35  Probe  
  31  2:42  Gateway  
  31  2:46  Probe  
  31  2:47  Blink (Chrono Boost)  
  31  2:48  Probe  
  33  2:58  Probe  
  33  3:00  Probe  
  35  3:06  Stalker  
  35  3:11  Probe  
  38  3:13  Probe  
  39  3:21  Robotics Facility  
  39  3:23  Probe  
  39  3:25  Probe  
  41  3:35  Probe  
  41  3:36  Gateway  
  41  3:39  Gateway  
  43  3:44  Pylon  
  42  3:55  Stalker x2  
  48  4:02  Pylon, Probe x2  
  48  4:05  Warp Prism (Chrono Boost)  
  50  4:14  Probe x2  
  52  4:19  Stalker  
  52  4:20  Stalker  
  52  4:23  Pylon  
  56  4:29  Assimilator  
  56  4:33  Stalker  
  56  4:34  Stalker  
  60  4:42  Observer  
  61  4:47  Probe  
  62  4:53  Stalker x2  
  62  4:56  Pylon  
  62  4:57  Stalker  
  68  5:06  Stalker  
  65  5:08  Probe x2  
  62  5:20  Stalker x2  
  62  5:24  Probe x2  
Tags
 
Add a new tag
Caveats
  • Supply blocks, unpowered buildings, or Contaminate may cause inaccurate times.
  • Supply counts are checked every 10 seconds.